 Dungeon Crawl Stone Soup version 0.22.1-1-ga44c0e56f4 (webtiles) character file.

1235 Knicklaso the Spear-Bearer (level 8, -22/62 HPs)
             Began as a Merfolk Ice Elementalist on Sept 30, 2018.
             Was an Initiate of the Shining One.
             Annihilated by an orc warrior
             ... wielding a +0 war axe
              (25 damage)
             ... on level 6 of the Dungeon.
             The game lasted 00:25:18 (6986 turns).

Knicklaso the Spear-Bearer (MfIE)                   Turns: 6986, Time: 00:25:18

Health: -22/62     AC:  2    Str:  8    XL:     8   Next: 49%
Magic:  0/12       EV: 16    Int: 17    God:    the Shining One [......]
Gold:   242        SH:  0    Dex: 14    Spells: 7/13 levels left

rFire    . . .     SeeInvis .   a - +0 trident
rCold    . . .     Gourm    .   (no shield)
rNeg     . . .     Faith    .   o - +0 robe (curse)
rPois    .         Spirit   .   (no helmet)
rElec    .         Reflect  .   (no cloak)
rCorr    .         Harm     .   (no gloves)
MR       .....                  (no boots)
Stlth    +.........             (no amulet)
HPRegen  0.20/turn              (no ring)
MPRegen  0.13/turn              (no ring)

@: glowing
A: change form in water, swift swim, stealthy swim
a: Renounce Religion


You were on level 6 of the Dungeon.
You worshipped the Shining One.
The Shining One was noncommittal.
You were not hungry.

You visited 2 branches of the dungeon, and saw 7 of its levels.

You collected 242 gold pieces.

Inventory:

Hand Weapons
 a - a +0 trident (weapon)
Armour
 o - a cursed +0 robe (worn)
Jewellery
 p - an uncursed ring of protection from cold {unknown}
 t - an uncursed amulet of magic regeneration {unknown}
 y - an uncursed ring of protection from fire {unknown}
Wands
 x - a wand of polymorph (9)
Scrolls
 e - a scroll of enchant armour {unknown}
 f - 2 scrolls of remove curse {unknown}
 h - a scroll of amnesia {unknown}
 i - 3 scrolls of teleportation {unknown}
 k - 3 scrolls of enchant weapon {unknown}
 m - 3 scrolls of identify {unknown}
 q - 3 scrolls of magic mapping {unknown}
 v - a scroll of silence {unknown}
Potions
 d - 2 potions of resistance {unknown}
 g - a potion of mutation {unknown}
 j - 2 potions of brilliance {unknown}
 l - a potion of ambrosia {unknown}
 n - a potion of degeneration {unknown}
 r - a potion of might {unknown}
 s - a potion of lignification {unknown}
 u - a potion of invisibility {unknown}
 w - a potion of flight {unknown}
Comestibles
 c - 9 rations
 z - 2 chunks of flesh


   Skills:
 + Level 5.0 Fighting
 * Level 9.2 Polearms
 + Level 6.6 Dodging
 - Level 2.1 Stealth
 - Level 3.0 Spellcasting
 - Level 0.7 Conjurations
 - Level 4.0 Ice Magic


You had 7 spell levels left.
You knew the following spells:

 Your Spells              Type           Power        Failure   Level  Hunger
a - Freeze                Ice            ###.         3%          1    None
b - Throw Frost           Conj/Ice       ##....       10%         2    ##.....
c - Ozocubu's Armour      Chrm/Ice       #.......     22%         3    ###....

Your spell library contained the following spells:

 Spells                   Type           Power        Failure   Level  Hunger
 Throw Icicle             Conj/Ice       ##......     54%         4    ####...
 Summon Ice Beast         Ice/Summ       #.......     58%         4    ####...


Dungeon Overview and Level Annotations

Branches:
Dungeon (6/15)             Temple (1/1) D:5

Altars:
Ashenzari
Cheibriados
Dithmenos
Elyvilon
Fedhas
Gozag
Hepliaklqana
Kikubaaqudgha
Makhleb
Nemelex Xobeh
Okawaru
Qazlal
Ru
Sif Muna
Trog
Uskayaw
Vehumet
Wu Jian
Xom
Zin
The Shining One


Message History

The orc warrior is severely wounded.
The orc warrior misses you.
Casting: Freeze (safe; 3% risk of failure)
Confirm with . or Enter, or press ? or * to list all spells.
Aiming: Freeze (safe; 3% risk of failure)
Press: ? - help, Shift-Dir - straight line, f/p - orc warrior
Aim: an orc warrior, wielding a war axe and wearing a plate armour (severely You freeze the orc warrior.
The orc warrior is severely wounded.
The orc warrior hits you with a war axe!!
* * * LOW HITPOINT WARNING * * *
Casting: Freeze (safe; 3% risk of failure)
Confirm with . or Enter, or press ? or * to list all spells.
Aiming: Freeze (safe; 3% risk of failure)
Press: ? - help, Shift-Dir - straight line, f/p - orc warrior
Aim: an orc warrior, wielding a war axe and wearing a plate armour (severely You freeze the orc warrior.
The orc warrior is almost dead.
The orc warrior hits you with a war axe!!
You die...

##### #...# #...#
#...# ###########..)#
#.............#
#..###'###..)[### #.#
#...)..##
#..###.###.)@.#..##
#..'.)_.)†.o..##..##
###
#..#######.######..###
#.. # ### #.#
##...######.. #####.#
###.##...... .o....#
#....###.. ###..##
##........# #.#
#..#.###### #.#
##.##..#


You could see an orc warrior.

Vanquished Creatures
  Duvessa (D:5)
  3 ogres
  Dowan (D:5)
  A scorpion (D:4)
  3 crimson imps
  2 hounds
  3 orc wizards
  A centaur skeleton (D:4)
  4 orc priests
  2 bullfrog skeletons
  Terence (D:1)
  An iguana (D:4)
  2 worker ants
  A hound zombie (D:5)
  A worker ant zombie (D:5)
  A howler monkey skeleton (D:4)
  5 adders
  An ooze (D:4)
  An adder skeleton (D:5)
  5 worms
  3 leopard geckos
  20 orcs
  2 ball pythons (D:3)
  5 giant cockroaches
  10 hobgoblins
  12 jackals
  3 kobolds
  3 quokkas
  11 bats
  7 frilled lizards
  9 goblins
  7 rats
  A butterfly (D:5)
133 creatures vanquished.

Notes
Turn   | Place    | Note
-------+----------+-------------------------------------------
     0 | D:1      | Knicklaso the Merfolk Ice Elementalist began the quest for
                  | the Orb.
     0 | D:1      | Reached XP level 1. HP: 13/13 MP: 3/3
   306 | D:1      | Reached XP level 2. HP: 20/20 MP: 5/5
   686 | D:1      | Reached skill level 1 in Fighting
   780 | D:1      | Reached XP level 3. HP: 25/26 MP: 6/6
  1009 | D:2      | Noticed Terence
  1020 | D:1      | Reached skill level 1 in Polearms
  1290 | D:1      | Killed Terence
  1500 | D:2      | Reached skill level 2 in Polearms
  1500 | D:2      | Reached XP level 4. HP: 32/32 MP: 4/7
  1636 | D:2      | Reached skill level 3 in Polearms
  1636 | D:2      | Reached XP level 5. HP: 28/38 MP: 0/8
  1703 | D:2      | Learned a level 2 spell: Throw Frost
  1707 | D:2      | Learned a level 3 spell: Ozocubu's Armour
  2601 | D:3      | Reached skill level 4 in Polearms
  2780 | D:3      | Found a shimmering altar of Xom.
  2787 | D:3      | Found a bloodstained altar of Trog.
  2788 | D:3      | Found a burning altar of Makhleb.
  2788 | D:3      | Found a glowing silver altar of Zin.
  2789 | D:3      | Found a sacrificial altar of Ru.
  3212 | D:3      | Reached XP level 6. HP: 32/46 MP: 7/10
  3547 | D:3      | Found an opulent altar of Gozag.
  3763 | D:4      | Reached skill level 5 in Polearms
  4202 | D:4      | Reached skill level 6 in Polearms
  4202 | D:4      | Reached skill level 5 in Dodging
  4202 | D:4      | Reached XP level 7. HP: 52/52 MP: 0/11
  4829 | D:4      | Reached skill level 7 in Polearms
  5017 | D:5      | Entered Level 5 of the Dungeon
  5226 | D:5      | Noticed Duvessa
  5226 | D:5      | Noticed Dowan
  5549 | D:5      | Killed Duvessa
  5549 | D:5      | Reached XP level 8. HP: 26/60 MP: 5/12
  5555 | D:5      | Killed Dowan
  5555 | D:5      | Reached skill level 8 in Polearms
  5844 | D:5      | Found a staircase to the Ecumenical Temple.
  5851 | Temple   | Entered the Ecumenical Temple
  6347 | Temple   | Became a worshipper of the Shining One
  6692 | D:6      | Reached skill level 9 in Polearms
  6895 | D:6      | Found a hazy altar of Hepliaklqana.
  6904 | D:6      | Reached skill level 5 in Fighting
  6985 | D:6      | HP: 3/62 [orc warrior/war axe (20)]
  6986 | D:6      | Annihilated by an orc warrior

Skill      XL: |  1  2  3  4  5  6  7  8 |
---------------+-------------------------+-----
Dodging        | 3 4 5 6 |  6.6
Fighting       | 1 2 3 4 5 |  5.0
Polearms       | 2 3 4 6 7 9 |  9.2
Ice Magic      | 4 |  4.0
Spellcasting   | 3 |  3.0
Stealth        | |  2.1
Conjurations   | |  0.7

Action                   |  1- 3 |  4- 6 |  7- 9 || total
-------------------------+-------+-------+-------++-------
Melee: Dagger            |    15 |       |       ||    15
       Spear             |    36 |       |       ||    36
       Trident           |     5 |   205 |   128 ||   338
 Cast: Freeze            |    22 |    46 |    69 ||   137
       Throw Frost       |       |    12 |    17 ||    29
       Ozocubu's Armour  |       |     2 |     1 ||     3
  Use: Potion            |       |     1 |     1 ||     2
 Stab: Sleeping          |     4 |    14 |     4 ||    22
       Distracted        |       |     1 |       ||     1
  Eat: Chunk             |     2 |    10 |    10 ||    22
Armor: Robe              |    18 |    24 |    10 ||    52
Dodge: Dodged            |    42 |   157 |    83 ||   282
